Map: Eastwatch LE

Players

Losira - Winner!

  • Race: Zerg Zerg
  • Spawn Location: 1:00

soO

  • Race: Zerg Zerg
  • Spawn Location: 7:00

Event: IEM Season 12 - Katowice

VOD

Have the link to the VOD?

Description

Time

  • Played on: Feb. 27, 2018, 11:18 a.m.
  • Length: 11:39

All games in this series

Show
View Real Time Build Order
Export as new Build Order

Losira Zerg - Winner!

Build Orders: Hatch First, Zergling Baneling 

Get SALT Encoding   

  12  0:01  Drone  
  13  0:13  Overlord  
  13  0:17  Drone  
  14  0:32  Drone x2  
  16  0:36  Drone  
  17  0:52  Hatchery  
  17  0:56  Drone  
  17  0:59  Drone  
  18  1:06  Extractor  
  17  1:14  Spawning Pool  
  17  1:17  Drone  
  17  1:21  Drone  
  18  1:29  Drone  
  19  1:46  Overlord  
  19  2:01  Queen  
  19  2:04  Queen  
  19  2:05  Drone  
  24  2:11  Metabolic Boost  
  24  2:14  Zergling x2  
  25  2:16  Drone  
  26  2:23  Zergling x2  
  26  2:28  Zergling x2, Baneling Nest  
  27  2:31  Zergling x2  
  27  2:33  Zergling x2  
  27  2:37  Zergling x2  
  30  2:40  Overlord  
  30  2:48  Zergling x4  
  32  2:57  Overlord  
  32  2:59  Zergling x2  
  33  3:09  Zergling x2  
  33  3:10  Zergling x8  
  38  3:13  Baneling x4  
  38  3:15  Baneling, Zergling x2  
  38  3:19  Zergling x2  
  40  3:21  Zergling x2  
  40  3:23  Zergling x2  
  40  3:26  Zergling x2  
  43  3:31  Zergling x2  
  44  3:37  Zergling x2  
  43  3:41  Zergling x4  
  43  3:43  Zergling x2  
  45  3:51  Zergling x6  
  45  3:52  Baneling x2, Zergling x2  
  45  3:53  Zergling x2  
  49  3:56  Zergling x2  
  49  4:02  Zergling x2  
  49  4:03  Baneling x3  
  49  4:05  Zergling x2  
  48  4:10  Overlord  
  48  4:16  Baneling x2  
  46  4:23  Zergling x4  
  46  4:26  Zergling x2  
  46  4:28  Zergling x4  
  46  4:29  Zergling x2  
  45  4:32  Drone  
  45  4:33  Drone  
  45  4:35  Baneling x2  
  48  4:38  Zergling x2  
  48  4:43  Baneling  
  48  4:45  Drone x2  
  49  4:48  Drone  
  51  4:56  Drone  
  51  4:57  Roach Warren  
  51  4:59  Drone  
  51  5:10  Overlord  
  51  5:11  Zergling x2  
  51  5:13  Zergling x2  
  50  5:15  Queen  
  50  5:21  Drone  
  50  5:27  Drone  
  46  5:30  Drone  
  46  5:36  Drone x3  
  46  5:41  Roach  
  53  5:43  Roach  
  53  5:47  Roach  
  56  5:50  Roach  
  56  5:55  Roach  
  56  5:56  Roach  
  58  5:59  Roach  
  58  6:01  Extractor  
  58  6:02  Roach  
  54  6:06  Overlord  
  54  6:09  Roach  
  56  6:15  Roach  
  57  6:24  Roach  
  58  6:28  Zergling x2  
  58  6:29  Zergling x8  
  58  6:30  Zergling x2  
  58  6:31  Zergling x2  
  58  6:32  Zergling x4  
  62  6:36  Zergling x4  
  64  6:45  Zergling x2  
  65  6:48  Zergling x2  
  65  6:50  Ravager  
  61  6:56  Zergling x2  
  61  6:58  Zergling x2  
  61  7:00  Zergling x4  
  59  7:01  Zergling x2  
  59  7:02  Zergling x2  
  59  7:03  Zergling x4  
  59  7:08  Zergling x2  
  64  7:11  Zergling x2  
  64  7:12  Evolution Chamber  
  64  7:22  Drone  
  65  7:26  Hatchery  
  58  7:37  Baneling  
  58  7:38  Baneling x3  
  55  7:44  Drone x2  
  55  7:45  Roach x3  
  55  7:46  Roach  
  55  7:47  Roach x2  
  55  7:50  Roach  
  69  7:54  Zerg Missile Weapons Level 1  
  69  7:57  Roach  
  66  8:10  Roach  
  66  8:20  Queen  
  66  8:22  Roach  
  66  8:23  Roach x3  
  66  8:25  Overlord  
  76  8:27  Overlord  
  76  8:35  Overlord  
  76  8:39  Roach x2  
  76  8:40  Zergling x2  
  81  8:43  Roach  
  81  8:47  Roach  
  85  8:50  Roach  
  85  8:52  Roach  
  89  8:56  Zergling x2  
  89  8:57  Roach  
  89  9:02  Roach  
  94  9:08  Roach  
  96  9:10  Zergling x2  
  96  9:11  Zergling x6  
  96  9:12  Zergling x2  
  96  9:14  Zergling x2  
  102  9:17  Zergling x2  
  102  9:20  Zergling x2  
  104  9:27  Overlord  
  104  9:28  Zergling x2  
  105  9:35  Zergling x2  
  106  9:46  Zergling x12  
  106  9:48  Zergling x2  
  106  9:51  Zergling x2  
  114  10:01  Zergling x2  
  114  10:03  Zergling x4  
  114  10:04  Zergling x2  
  114  10:06  Zergling x6  
  97  10:08  Ravager  
  97  10:09  Ravager  
  97  10:10  Ravager, Zergling x2  
  97  10:11  Ravager  
  97  10:12  Ravager  
  97  10:13  Zergling x2  
  86  10:14  Ravager  
  86  10:16  Zergling x2  
  86  10:19  Zergling x2  
  86  10:21  Zergling x2  
  79  10:23  Zergling x2  
  79  10:25  Zergling x2  
  79  10:27  Ravager  
  79  10:28  Ravager  
  79  10:30  Zergling x2  
  79  10:33  Zergling x4  
  79  10:38  Zergling x2  
  79  10:39  Zergling x2  
  79  10:40  Zergling x2  
  79  10:42  Zergling x2  
  75  10:44  Zergling x2  
  75  10:46  Zergling x2  
  75  10:49  Zergling x2  
  74  10:50  Ravager  
  74  10:51  Ravager  
  74  10:53  Zergling x2  
  74  10:55  Zergling x2  
  72  10:57  Zergling x2  
  72  11:01  Zergling x2  
  72  11:02  Zergling x2  
  72  11:04  Zergling x2  
  73  11:06  Zergling x2  
  73  11:08  Zergling x2  
  73  11:11  Zergling x2  
  73  11:14  Zergling x2  
  73  11:15  Zergling x2  
  74  11:19  Zergling x2  
  74  11:20  Zergling x2  
  74  11:22  Zergling x2  
Show
View Real Time Build Order
Export as new Build Order

soO Zerg 

Build Orders: 3 Hatch before Pool, Zergling Baneling 

Get SALT Encoding   

  12  0:00  Drone  
  13  0:12  Overlord  
  13  0:16  Drone  
  14  0:30  Drone x2  
  14  0:34  Drone  
  17  0:54  Drone  
  17  0:55  Hatchery  
  17  0:57  Drone  
  18  1:07  Drone  
  19  1:21  Hatchery  
  19  1:23  Drone  
  19  1:27  Drone  
  20  1:37  Extractor  
  19  1:42  Spawning Pool  
  19  1:43  Drone  
  19  1:49  Drone  
  20  2:00  Drone  
  21  2:07  Drone  
  22  2:11  Drone  
  23  2:19  Drone  
  24  2:29  Queen  
  24  2:30  Queen  
  24  2:31  Overlord  
  24  2:33  Queen  
  30  2:37  Metabolic Boost  
  30  2:42  Drone  
  32  2:44  Zergling x2  
  32  2:45  Zergling x2  
  32  2:48  Drone  
  32  2:51  Zergling x2  
  35  2:52  Zergling x2  
  36  2:59  Drone  
  36  3:00  Drone, Baneling Nest  
  36  3:03  Zergling x2  
  36  3:05  Zergling x2  
  39  3:09  Overlord  
  39  3:18  Queen  
  41  3:25  Zergling x2  
  42  3:30  Spine Crawler  
  42  3:33  Zergling x8  
  45  3:37  Zergling x4  
  45  3:40  Zergling x6  
  47  3:41  Zergling x2  
  47  3:43  Zergling x2  
  47  3:45  Zergling x2  
  47  3:48  Zergling x2  
  48  3:55  Baneling x3  
  42  3:56  Zergling x2  
  42  3:58  Zergling x2  
  38  4:03  Zergling x4  
  39  4:10  Zergling x2  
  39  4:11  Baneling x2  
  39  4:13  Zergling x2  
  39  4:15  Zergling x2  
  38  4:21  Zergling x2  
  38  4:23  Drone  
  38  4:30  Drone x2  
  38  4:31  Drone  
  40  4:33  Drone  
  41  4:41  Drone, Baneling x2  
  42  4:55  Baneling x2, Zergling x2  
  42  4:57  Overlord  
  43  5:00  Overlord  
  43  5:02  Drone  
  43  5:08  Overlord  
  43  5:11  Baneling  
  43  5:12  Baneling  
  43  5:14  Baneling x2  
  43  5:15  Zergling x4  
  43  5:20  Drone x2  
  43  5:21  Drone x2  
  48  5:28  Drone  
  43  5:31  Zergling x2  
  43  5:39  Hatchery  
  42  5:45  Zergling x2  
  42  5:47  Zergling x2  
  42  5:51  Zergling x2  
  42  5:55  Zergling x4  
  42  5:56  Zergling x2  
  45  5:58  Zergling x2  
  45  6:05  Queen  
  45  6:08  Zergling x4  
  45  6:09  Zergling x2  
  45  6:10  Zergling x2  
  52  6:11  Zergling x2  
  52  6:13  Baneling x2  
  52  6:17  Roach Warren  
  52  6:18  Drone  
  52  6:21  Drone x2  
  52  6:22  Drone x2  
  57  6:32  Drone  
  57  6:33  Drone  
  57  6:35  Extractor  
  57  6:38  Overlord  
  57  6:39  Overlord  
  57  6:44  Overlord  
  57  6:50  Zergling x4  
  57  6:54  Zergling x2  
  55  7:01  Roach  
  55  7:03  Roach x2  
  55  7:04  Queen  
  55  7:05  Roach  
  55  7:06  Roach x2  
  67  7:14  Roach x2  
  67  7:15  Baneling x2  
  71  7:18  Roach x2  
  71  7:22  Overlord  
  75  7:23  Roach  
  75  7:25  Baneling  
  75  7:26  Baneling  
  75  7:28  Roach  
  79  7:32  Roach  
  79  7:35  Roach  
  79  7:37  Roach  
  80  7:49  Roach  
  80  7:51  Roach x2  
  84  7:54  Hatchery  
  83  8:01  Drone x2  
  84  8:09  Drone x2  
  85  8:15  Roach  
  85  8:16  Roach  
  84  8:23  Drone x2  
  84  8:24  Evolution Chamber  
  83  8:32  Hatchery  
  82  8:38  Drone, Lair  
  83  8:41  Drone  
  83  8:42  Drone x2  
  83  8:43  Drone  
  83  8:45  Drone  
  88  8:52  Overlord  
  88  8:56  Drone x2  
  88  8:58  Zerg Missile Weapons Level 1  
  90  9:02  Overlord  
  90  9:05  Overlord  
  90  9:18  Drone x6  
  90  9:19  Drone  
  97  9:24  Roach  
  97  9:25  Roach  
  97  9:28  Roach  
  97  9:30  Overlord  
  97  9:31  Roach  
  105  9:36  Roach  
  107  9:40  Roach  
  107  9:43  Roach  
  107  9:45  Ravager  
  112  9:46  Roach x2  
  112  9:49  Roach x2  
  120  9:58  Roach x2  
  120  9:59  Overlord  
  124  10:05  Roach x2  
  118  10:09  Roach, Zergling x10  
  107  10:14  Roach  
  107  10:18  Roach  
  98  10:23  Roach  
  82  10:29  Roach, Zergling x4  
  82  10:34  Roach  
  84  10:37  Roach  
  84  10:40  Zergling x6  
  84  10:41  Zergling x16  
  84  10:42  Queen  
  80  10:46  Roach  
  80  10:49  Roach  
  74  10:52  Zergling x2  
  74  10:53  Queen x2, Zergling x2  
  74  10:56  Roach  
  74  11:03  Roach  
  60  11:04  Zergling x2  
  60  11:06  Zergling x2  
  60  11:10  Zergling x2  
  58  11:18  Roach, Zergling x6  
  59  11:20  Roach  

Tags
 
Add a new tag
Caveats
  • Supply blocks, unpowered buildings, or Contaminate may cause inaccurate times.
  • Supply counts are checked every 10 seconds.